Map: Flashback EE

Players

MaxP - Winner!

  • Race: Terran Terran
  • League: Silver
  • Spawn Location: 11:00

Primo - Winner!

  • Race: Protoss Protoss
  • Spawn Location: 9:00

Champs - Winner!

  • Race: Terran Terran
  • Spawn Location: 11:00

TATORREA

  • Race: Protoss Protoss
  • League: Gold
  • Spawn Location: 7:00

tigro

  • Race: Terran Terran
  • League: Bronze
  • Spawn Location: 7:00

MrFercho

  • Race: Zerg Zerg
  • League: Silver
  • Spawn Location: 7:00

VOD

Have the link to the VOD?

Description

Time

  • Played on: July 8, 2020, 10:32 p.m.
  • Length: 18:14
Show
View Real Time Build Order
Export as new Build Order

MaxP Terran - Winner!

Build Orders: Command Center First (CC) 

Get SALT Encoding   

  12  0:14  Refinery  
  12  0:16  SCV  
  13  0:28  SCV  
  14  0:40  SCV  
  14  0:41  Supply Depot  
  15  1:32  Command Center  
  15  1:34  SCV  
  15  1:35  Barracks  
  16  1:44  Refinery  
  16  1:46  SCV  
  17  1:58  SCV  
  18  2:02  Supply Depot  
  18  2:10  SCV  
  19  2:22  SCV  
  20  2:35  SCV  
  21  2:46  Refinery  
  21  2:47  SCV  
  21  2:49  Refinery  
  21  2:51  Factory  
  22  3:03  Orbital Command  
  22  3:15  Orbital Command  
  22  3:28  Supply Depot  
  22  3:33  SCV  
  23  3:49  SCV  
  23  3:52  SCV  
  25  3:57  Factory Tech Lab  
  25  4:01  SCV  
  26  4:04  Starport, SCV  
  27  4:13  Armory  
  27  4:14  SCV  
  27  4:16  SCV  
  29  4:20  Siege Tank  
  32  4:37  SCV x2  
  34  4:41  Starport Tech Lab  
  34  4:47  Fusion Core  
  34  4:58  SCV x2  
  36  5:03  Terran Vehicle And Ship Armor Level 1  
  36  5:10  Armory, SCV x2  
  38  5:15  Engineering Bay  
  38  5:32  Starport  
  38  5:41  Starport, SCV x2  
  38  5:42  Starport  
  40  5:43  Starport x2  
  40  5:52  Weapon Refit  
  40  5:53  SCV  
  40  5:54  SCV  
  40  5:55  Command Center  
  42  5:58  Terran Ship Weapons Level 1  
  42  6:06  SCV x2  
  44  6:12  Battlecruiser  
  50  6:42  SCV x2  
  52  6:50  Supply Depot  
  52  6:53  Supply Depot  
  52  6:54  Supply Depot, SCV  
  53  6:57  Marine  
  54  7:15  Marine, Starport Tech Lab x4  
  52  7:25  Hellion  
  54  7:33  Marine  
  55  7:39  Battlecruiser  
  55  7:40  Battlecruiser  
  67  7:46  Hellion  
  67  7:49  Banshee x2  
  67  7:50  Banshee  
  67  7:51  Marine  
  59  8:07  Hellion  
  59  8:09  Marine  
  59  8:12  Bunker  
  62  8:17  Banshee  
  64  8:27  Marine  
  59  8:29  Hellion  
  60  8:41  Banshee x2  
  57  8:44  Marine  
  54  8:50  Hellion  
  52  9:02  Marine  
  53  9:13  Hellion  
  55  9:20  Marine  
  56  9:35  Hellion  
  56  9:38  Marine  
  59  9:56  Hellion, Marine  
  62  10:05  Orbital Command  
  62  10:13  Marine  
  63  10:17  Hellion  
  64  10:21  Banshee  
  67  10:31  Marine  
  68  10:39  Hellion  
  70  10:54  Terran Ship Weapons Level 2  
  70  11:05  Supply Depot x3  
  70  11:07  Supply Depot  
  70  11:15  Terran Vehicle And Ship Armor Level 2  
  70  11:26  Marine  
  71  11:36  SCV  
  72  11:44  Marine  
  73  11:48  SCV  
  55  12:00  SCV  
  56  12:02  Marine  
  56  12:07  Hellion  
  59  12:09  Banshee  
  59  12:10  Banshee x2  
  59  12:12  SCV  
  69  12:19  Marine  
  70  12:24  SCV  
  70  12:29  Hellion  
  64  12:36  Banshee  
  49  12:37  Marine  
  42  12:48  Banshee  
  42  12:50  Hellion  
  46  12:59  SCV  
  46  13:02  SCV  
  48  13:07  Banshee  
  48  13:11  SCV  
  52  13:14  SCV  
  52  13:17  Refinery  
  53  13:22  Banshee  
  53  13:23  SCV  
  53  13:26  SCV  
  58  13:35  SCV  
  58  13:38  SCV  
  60  13:46  Hellion  
  62  14:01  Banshee x3  
  71  14:07  Hellion  
  73  14:19  Banshee x2  
  79  14:28  Hellion  
  71  14:50  Hellion  
  71  14:52  Banshee x3  
  74  15:01  SCV  
  75  15:11  Hellion  
  75  15:13  SCV  
  78  15:14  Banshee x2  
  78  15:16  Marine  
  85  15:25  SCV  
  76  15:32  Hellion  
  76  15:34  Marine  
  65  15:37  Banshee x2, SCV  
  72  15:52  Marine  
  72  15:54  Hellion  
  75  16:10  Marine  
  76  16:15  Hellion  
  78  16:19  Command Center  
  78  16:26  Command Center  
  78  16:27  Refinery  
  78  16:28  Marine  
  78  16:30  Refinery  
  78  16:31  Refinery  
  79  16:32  Refinery  
  79  16:33  SCV x2  
  79  16:37  Hellion  
  83  16:45  SCV x2  
  85  16:57  SCV x2  
  57  17:33  Orbital Command  
  57  17:48  Orbital Command  
Show
View Real Time Build Order
Export as new Build Order

Primo Protoss - Winner!

Build Orders:  

Get SALT Encoding   

  12  0:02  Probe  
  13  0:20  Probe  
  14  0:25  Pylon  
  14  0:32  Probe  
  15  0:47  Gateway  
  15  0:51  Forge  
  15  1:05  Probe  
  15  1:09  Assimilator  
  15  1:11  Pylon  
  16  1:22  Probe  
  17  1:31  Photon Cannon  
  17  1:41  Assimilator  
  17  1:54  Probe  
  17  1:58  Photon Cannon  
  18  2:03  Cybernetics Core  
  18  2:07  Photon Cannon  
  18  2:13  Pylon  
  18  2:21  Probe  
  18  2:29  Probe  
  20  2:39  Probe  
  21  2:51  Probe  
  21  2:56  Shield Battery  
  22  3:00  Robotics Facility  
  22  3:17  Nexus  
  22  3:30  Stalker  
  22  3:31  Warp Gate  
  24  3:50  Robotics Bay  
  24  3:56  Twilight Council  
  24  4:01  Probe  
  25  4:04  Observer  
  26  4:13  Probe  
  27  4:18  Pylon  
  27  4:25  Assimilator, Probe, Observer  
  27  4:30  Assimilator  
  29  4:38  Probe  
  30  4:39  Dark Shrine  
  30  4:44  Probe  
  31  4:47  Observer  
  31  4:50  Probe  
  33  4:56  Probe  
  34  5:09  Stalker  
  36  5:37  Gravitic Boosters  
  36  5:40  Blink  
  36  5:46  Photon Cannon  
  36  5:51  Probe x2  
  36  5:55  Pylon  
  38  5:59  Pylon  
  38  6:03  Probe x2  
  38  6:04  Stalker  
  42  6:15  Probe x2  
  44  6:46  Pylon  
  44  6:47  Extended Thermal Lance  
  43  7:23  Gateway  
  43  7:27  Gateway  
  43  7:42  Forge  
  37  7:51  Gateway  
  37  7:53  Gateway  
  29  8:30  Dark Templar  
  29  8:31  Dark Templar  
  30  8:52  Dark Templar  
  30  8:53  Dark Templar  
  34  9:06  Dark Templar  
  28  9:44  Gateway  
  28  9:47  Gateway  
  28  9:48  Pylon  
  28  9:52  Pylon  
  28  9:55  Photon Cannon  
  28  9:58  Photon Cannon  
  28  10:00  Photon Cannon  
  28  10:12  Dark Templar x3  
  34  10:44  Protoss Ground Weapons Level 1  
  34  11:05  Pylon  
  34  11:07  Pylon  
  34  11:09  Pylon  
  34  11:12  Cybernetics Core  
  34  11:15  Nexus  
  19  12:03  Dark Templar  
  19  12:04  Dark Templar x2  
  25  12:16  Dark Templar  
  25  12:18  Stalker  
  29  12:25  Photon Cannon  
  21  12:39  Dark Templar x2  
  21  12:42  Dark Templar  
  26  12:54  Photon Cannon  
  26  12:56  Photon Cannon  
  26  12:57  Photon Cannon  
  26  15:05  Dark Templar  
  26  15:06  Dark Templar x3  
  34  15:20  Nexus  
  34  15:23  Assimilator  
  34  15:28  Assimilator  
  32  15:36  Protoss Ground Weapons Level 2  
  30  15:45  Dark Templar  
  32  16:16  Probe  
  33  16:28  Probe  
  34  16:41  Probe  
  35  16:53  Probe  
  36  17:05  Probe  
  21  17:31  Probe x2  
  23  17:43  Probe x2  
  25  17:46  Robotics Facility  
  25  17:55  Probe x2  
  27  17:58  Pylon  
  27  18:00  Pylon  
  27  18:07  Dark Templar x3  
  27  18:08  Dark Templar  
  27  18:09  Dark Templar  
Show
View Real Time Build Order
Export as new Build Order

Champs Terran - Winner!

Build Orders:  

Get SALT Encoding   

  12  0:01  SCV  
  13  0:13  SCV  
  14  0:29  Supply Depot  
  14  0:31  SCV  
  15  0:51  SCV  
  16  0:58  Barracks  
  16  1:03  SCV  
  17  1:15  SCV  
  18  1:27  SCV  
  19  1:34  Command Center  
  19  1:39  Engineering Bay, SCV  
  20  1:43  Refinery  
  20  1:47  Refinery  
  20  1:48  Marine  
  20  1:53  SCV  
  22  2:05  SCV  
  23  2:17  Orbital Command  
  23  2:23  Supply Depot  
  23  2:44  Marine, SCV  
  23  2:47  SCV  
  26  2:56  SCV  
  27  2:58  Factory  
  27  3:00  Orbital Command  
  27  3:04  Missile Turret  
  27  3:08  SCV  
  28  3:14  Missile Turret  
  28  3:19  Missile Turret  
  28  3:26  SCV x2  
  28  3:27  Refinery  
  30  3:34  Refinery  
  30  3:40  SCV  
  31  3:41  SCV  
  31  3:43  Hi-Sec Auto Tracking  
  31  3:46  Factory Tech Lab  
  32  3:52  SCV  
  33  3:58  SCV  
  34  4:04  SCV  
  34  4:09  Starport  
  35  4:10  SCV  
  35  4:11  Missile Turret  
  36  4:18  SCV  
  36  4:21  Siege Tank  
  36  4:23  SCV  
  41  4:30  Command Center  
  41  4:32  SCV  
  42  4:47  SCV  
  42  4:48  SCV  
  44  4:54  Missile Turret  
  44  5:28  Refinery  
  44  5:29  Refinery  
  44  5:31  SCV x2  
  44  5:33  Starport Tech Lab  
  46  5:37  Armory  
  46  5:39  Armory  
  46  5:40  Fusion Core  
  46  5:42  Orbital Command  
  46  5:45  SCV x2  
  48  5:55  Sensor Tower  
  48  5:57  SCV  
  49  6:21  Marine  
  49  6:23  Starport  
  50  6:28  Starport  
  50  6:34  SCV  
  50  6:35  SCV x2  
  50  6:36  Missile Turret  
  50  6:39  Marine  
  54  6:46  SCV  
  61  6:54  Battlecruiser  
  61  6:56  Marine  
  61  7:00  Starport Tech Lab  
  59  7:03  Terran Ship Weapons Level 1  
  59  7:04  Terran Vehicle And Ship Armor Level 1  
  59  7:05  Weapon Refit  
  59  7:09  Supply Depot, Starport Tech Lab  
  59  7:10  Supply Depot  
  55  7:21  Siege Tank  
  49  7:38  Battlecruiser  
  49  7:39  Battlecruiser  
  56  7:53  Siege Tank  
  59  8:00  Battlecruiser  
  62  8:25  Siege Tank  
  65  8:39  Supply Depot x2  
  65  8:41  Supply Depot  
  65  8:47  Starport Tech Lab  
  62  9:01  Terran Vehicle And Ship Armor Level 2, Terran Ship Weapons Level 2  
  62  9:11  Raven  
  62  9:13  Siege Tank  
  67  9:20  Orbital Command  
  67  9:26  Battlecruiser x2  
  79  9:52  Refinery  
  79  9:54  Battlecruiser  
  79  9:57  Refinery  
  85  10:03  SCV x3  
  88  10:15  SCV  
  89  10:30  SCV x3  
  92  10:42  SCV  
  93  11:00  Supply Depot x3  
  93  11:02  Supply Depot  
  93  11:06  Supply Depot  
  93  11:09  Supply Depot x2  
  93  11:21  Battlecruiser, SCV x2  
  93  11:22  Battlecruiser x2, SCV  
  114  11:34  SCV  
  115  12:15  Terran Ship Weapons Level 3  
  115  12:18  Terran Vehicle And Ship Armor Level 3  
  115  12:26  Battlecruiser x2  
  115  12:29  Starport  
  124  12:31  Starport  
  124  12:35  Battlecruiser  
  124  13:06  Starport Tech Lab  
  124  13:16  Supply Depot  
  124  13:17  Supply Depot  
  124  13:19  Supply Depot  
  124  13:30  Battlecruiser, Starport Tech Lab  
  130  13:34  Command Center  
  130  13:37  Refinery  
  130  13:41  Supply Depot  
  130  13:43  Refinery  
  130  13:52  Battlecruiser  
  130  13:53  Battlecruiser x2  
  148  14:00  Battlecruiser  
  152  14:34  Battlecruiser  
  152  14:57  Battlecruiser  
  158  15:38  Battlecruiser x2  
  158  15:42  Planetary Fortress  
  170  16:19  Command Center  
  170  16:21  Battlecruiser x2  
  170  16:22  Refinery  
  182  16:31  Supply Depot, Refinery  
  182  16:49  Battlecruiser  
Show
View Real Time Build Order
Export as new Build Order

TATORREA Protoss 

Build Orders: Blink Stalkers 

Get SALT Encoding   

  12  0:04  Probe  
  13  0:16  Probe  
  13  0:20  Pylon  
  15  0:28  Probe  
  15  0:40  Probe  
  16  0:48  Gateway  
  16  0:50  Probe  
  16  0:52  Assimilator  
  17  0:58  Probe  
  18  1:04  Pylon  
  18  1:07  Probe  
  19  1:22  Probe  
  19  1:24  Assimilator  
  20  1:35  Probe  
  21  1:44  Cybernetics Core  
  21  1:45  Gateway  
  21  1:48  Gateway, Probe  
  23  2:01  Probe  
  23  2:18  Gateway  
  23  2:21  Warp Gate  
  23  2:25  Twilight Council  
  23  2:29  Stalker  
  25  2:37  Stalker  
  27  2:46  Stalker  
  29  2:57  Robotics Facility  
  29  3:03  Stalker  
  31  3:20  Blink  
  31  3:24  Pylon  
  31  3:28  Pylon  
  31  3:42  Stalker  
  33  3:53  Observer  
  34  4:03  Nexus  
  34  4:11  Pylon  
  34  4:17  Probe  
  35  4:25  Sentry, Probe  
  38  4:35  Immortal, Probe  
  43  4:46  Probe  
  44  4:54  Stalker  
  44  4:58  Probe  
  47  5:06  Stalker  
  49  5:10  Probe  
  50  5:15  Probe  
  50  5:20  Stalker  
  53  5:22  Probe  
  54  5:29  Stalker  
  54  5:31  Probe  
  54  5:34  Probe  
  58  5:43  Stalker  
  58  5:45  Probe  
  61  5:52  Probe  
  61  5:55  Stalker x2  
  66  5:57  Probe  
  67  6:09  Assimilator  
  67  6:14  Assimilator  
  67  6:15  Pylon, Probe x2  
  69  6:20  Pylon  
  69  6:27  Probe  
  70  6:33  Probe  
  70  6:39  Probe  
  72  6:41  Nexus  
  72  6:45  Pylon, Probe  
  73  6:47  Pylon  
  73  6:51  Probe  
  74  6:58  Probe  
  75  7:03  Probe  
  76  7:38  Stalker x3  
  76  7:39  Stalker  
  84  7:48  Immortal  
  88  7:54  Probe x3  
  91  8:06  Probe x3  
  88  8:27  Immortal  
  88  8:39  Stalker  
  88  8:40  Stalker x3  
  82  8:50  Gateway  
  82  8:52  Gateway  
  82  8:54  Gateway  
  76  8:56  Gateway  
  76  8:58  Probe x2  
  76  8:59  Gateway, Probe  
  76  9:02  Gateway  
  71  9:05  Assimilator  
  71  9:07  Stalker x3  
  71  9:08  Gateway, Assimilator, Stalker  
  79  9:10  Probe x2  
  79  9:11  Probe  
  79  9:12  Gateway  
  82  9:19  Gateway  
  82  9:21  Gateway  
  82  9:28  Probe x3  
  81  9:35  Stalker x4  
  89  9:40  Probe x3  
  92  10:04  Probe x2  
  94  10:08  Stalker  
  94  10:09  Stalker x2  
  94  10:11  Stalker  
  102  10:21  Nexus  
  102  10:24  Forge  
  102  10:25  Forge, Pylon  
  102  10:26  Pylon  
  102  10:27  Pylon x2, Forge  
  102  10:30  Pylon  
  102  10:31  Twilight Council  
  102  10:32  Pylon  
  102  10:42  Probe x3  
  105  10:54  Probe x3  
  105  10:56  Stalker  
  110  10:57  Stalker x3  
  110  10:58  Stalker x3  
  110  11:01  Protoss Ground Weapons Level 1  
  110  11:02  Protoss Ground Armor Level 1, Protoss Shields Level 1  
  122  11:15  Charge  
  122  11:17  Probe x3  
  125  11:29  Probe x3  
  128  11:45  Nexus  
  128  11:48  Pylon  
  128  11:51  Pylon  
  128  11:57  Stalker x3  
  128  11:58  Stalker x3  
  128  11:59  Stalker x3, Assimilator  
  146  12:05  Assimilator  
  127  12:39  Stalker x3  
  127  12:40  Stalker x4  
  127  12:41  Stalker x2  
  127  12:42  Stalker x2  
  127  12:43  Stalker x3  
  145  13:22  Stalker x3  
  145  13:23  Stalker  
  145  13:24  Stalker x3  
  145  13:25  Stalker x3  
  145  13:26  Stalker  
  167  13:27  Stalker x3  
  173  13:42  Templar Archives  
  173  13:53  Stalker x2  
  173  13:54  Stalker x4  
  173  13:55  Stalker x3  
  189  13:56  Stalker x3  
  189  13:57  Stalker  
  175  14:21  Assimilator  
  150  14:25  Assimilator  
  146  14:31  Stalker  
  146  14:32  Stalker x4  
  146  14:33  Stalker x4  
  146  14:34  Stalker x2  
  146  14:35  Stalker  
  146  14:36  Stalker x2  
  93  14:57  Stalker x2  
  93  14:58  Stalker x3  
  93  14:59  Stalker x2  
  89  15:00  Stalker x2  
  89  15:02  Stalker  
  89  15:15  Stalker  
  78  15:35  Stalker x2  
  80  15:36  Stalker x2  
  80  15:37  Stalker x3  
  80  15:38  Stalker  
  74  16:06  Stalker x3  
  74  16:07  Stalker x4  
  74  16:08  Stalker  
  90  16:31  Stalker  
  90  16:32  Stalker x4  
  98  16:33  Stalker x3  
  75  17:31  Stalker x2  
  75  17:32  Stalker x2  
  75  17:33  Stalker x4  
Show
View Real Time Build Order
Export as new Build Order

tigro Terran 

Build Orders:  

Get SALT Encoding   

  12  0:03  SCV  
  13  0:15  SCV  
  14  0:27  SCV  
  15  0:36  Supply Depot  
  15  0:38  Refinery  
  15  0:57  SCV  
  15  0:58  Supply Depot  
  15  1:01  Barracks  
  16  1:09  SCV  
  17  1:14  Refinery  
  17  1:21  SCV  
  18  1:39  SCV  
  19  1:51  Marine  
  19  1:52  SCV  
  21  2:04  SCV  
  22  2:08  Marine  
  23  2:16  Factory, SCV  
  24  2:26  Marine  
  24  2:28  Engineering Bay, SCV  
  26  2:44  Marine  
  26  2:45  Orbital Command  
  27  2:59  Barracks  
  27  3:02  Marine  
  27  3:03  Terran Infantry Weapons Level 1  
  28  3:13  Factory Tech Lab  
  28  3:23  Starport  
  28  3:29  Barracks Reactor  
  28  3:47  Siege Tank  
  31  3:50  Barracks Tech Lab  
  31  4:06  Medivac  
  33  4:13  Combat Shield  
  33  4:14  Command Center  
  33  4:42  Marine  
  33  4:43  Marine x2  
  36  4:52  Starport Tech Lab  
  36  4:57  Terran Infantry Armor Level 1  
  36  5:00  Marine x3  
  39  5:18  Marine x3  
  39  5:19  Starport  
  39  5:20  Siege Tank  
  45  5:28  Refinery  
  45  5:32  Stimpack, SCV  
  46  5:36  Marine  
  47  5:44  SCV  
  48  5:57  SCV  
  49  6:05  Marine x3  
  49  6:09  SCV  
  53  6:21  SCV  
  53  6:23  Marine x3  
  57  6:40  Marine  
  57  6:41  Marine x2  
  58  6:58  Marine x2  
  44  7:21  Siege Tank  
  47  7:23  Marine x3  
  50  7:37  Refinery  
  50  7:40  Marine  
  50  7:41  Marine x2, Fusion Core  
  53  7:53  Siege Tank  
  56  7:58  Marine x3  
  59  8:16  Marine x3  
  62  8:29  Armory  
  62  8:40  Marine  
  62  8:47  Marine x2  
  51  8:58  Marine  
  46  9:05  Marine x2  
  46  9:09  Starport Tech Lab  
  46  9:12  Battlecruiser  
  46  9:16  Marine  
  53  9:23  Marine x2  
  55  9:34  Marine  
  48  9:41  Marine x2  
  49  9:47  SCV  
  49  9:51  Marine  
  51  9:57  Supply Depot, Weapon Refit  
  51  9:59  Marine x2  
  54  10:00  SCV  
  54  10:09  Marine  
  54  10:12  SCV  
  56  10:17  Battlecruiser  
  56  10:18  Marine x2  
  56  10:19  Supply Depot  
  64  10:24  SCV  
  64  10:27  Marine  
  66  10:36  Marine x2, SCV  
  75  10:44  Medivac  
  75  10:45  Marine  
  72  10:53  Thor, Marine x2  
  80  11:03  Marine  
  81  11:11  Marine  
  81  11:15  Battlecruiser  
  88  11:20  Marine  
  88  11:21  Medivac  
  91  11:33  Terran Vehicle Weapons Level 1  
  91  11:36  Terran Infantry Weapons Level 2  
  49  12:18  Marine  
  49  12:19  Marine x2  
  45  12:36  Marine x3  
  48  12:54  Marine x3  
  51  13:06  Medivac  
  51  13:08  Medivac  
  51  13:12  Marine x3  
  58  13:29  Marine  
  58  13:30  Marine x2  
  67  13:47  Marine  
  67  13:48  Marine x2  
  67  13:52  Terran Infantry Armor Level 2  
  49  14:05  Marine x3  
  50  14:23  Marine  
  15  14:33  Marine x2  
  9  14:41  Marine  
  9  14:51  Marine x2  
  10  14:59  Marine  
  11  15:09  Marine x2  
  13  15:17  Marine  
  14  15:21  SCV  
  15  15:40  Missile Turret  
  15  16:01  Missile Turret  
  15  16:08  Hi-Sec Auto Tracking  
  15  16:20  Missile Turret  
  15  16:21  Supply Depot  
  15  16:43  Marine x3, SCV  
  15  16:44  Supply Depot, Missile Turret  
  19  16:55  SCV  
  20  17:07  Supply Depot, SCV  
  21  17:19  SCV  
  22  17:30  Supply Depot  
  13  17:58  Starport  
  13  18:04  Starport  
Show
View Real Time Build Order
Export as new Build Order

MrFercho Zerg 

Build Orders: Hatch First 

Get SALT Encoding   

  12  0:01  Drone  
  13  0:18  Overlord  
  13  0:20  Drone  
  14  0:37  Drone x2  
  16  0:51  Hatchery  
  16  0:54  Drone  
  16  0:58  Drone  
  17  1:05  Drone  
  17  1:10  Extractor  
  17  1:18  Spawning Pool  
  17  1:20  Drone  
  17  1:24  Drone  
  18  1:35  Drone  
  19  1:44  Drone  
  20  1:55  Overlord  
  20  2:03  Drone  
  20  2:05  Queen x2  
  25  2:10  Overlord  
  25  2:15  Metabolic Boost  
  25  2:30  Roach Warren, Drone  
  25  2:32  Drone  
  25  2:36  Drone x2  
  28  2:39  Drone  
  28  2:43  Drone  
  30  2:54  Drone x2  
  30  2:57  Drone  
  33  3:01  Drone  
  34  3:17  Drone x5  
  39  3:20  Hatchery  
  39  3:26  Overlord, Drone  
  39  3:33  Queen  
  41  3:43  Drone x3  
  41  3:44  Overlord x3  
  44  4:02  Overlord x3  
  44  4:20  Drone x5  
  49  4:36  Drone x3  
  52  4:50  Roach  
  52  4:51  Roach x8  
  70  4:58  Drone  
  71  5:03  Pneumatized Carapace  
  71  5:10  Zergling x12  
  71  5:11  Zergling x6  
  80  5:20  Zergling x8  
  84  5:29  Zergling x6  
  84  5:35  Baneling Nest, Drone  
  88  5:37  Zergling x2  
  88  5:38  Zergling x2  
  89  5:51  Zergling x6  
  92  6:08  Zergling x2  
  92  6:09  Zergling x18  
  74  6:21  Zergling x4  
  74  6:22  Zergling x8  
  74  6:24  Zergling x6  
  77  6:41  Zergling x10  
  74  6:54  Zergling x2  
  74  6:55  Zergling x18  
  74  7:11  Zergling x10  
  74  7:12  Hatchery  
  74  7:13  Hatchery  
  76  7:33  Zergling x2  
  76  7:34  Zergling x14  
  84  7:56  Zergling x2  
  84  7:57  Zergling x18  
  91  8:06  Zergling x8  
  82  8:14  Zergling x2  
  82  8:15  Zergling x12  
  80  8:27  Zergling x2  
  80  8:28  Zergling x8  
  85  8:35  Zergling x8  
  89  8:47  Zergling x8  
  89  8:48  Zergling x16  
  99  8:52  Lair  
  99  8:55  Zergling x4  
  73  9:22  Zergling x2  
  73  9:23  Zergling x30  
  73  9:24  Zergling x6  
  84  9:35  Zergling x10  
  58  10:17  Zergling x30  
  58  10:18  Zergling x6  
  70  10:41  Roach x15  
  99  10:44  Baneling  
  99  10:45  Baneling x20  
  99  11:18  Drone x3  
  102  11:19  Extractor  
  101  11:35  Spore Crawler x2  
  99  11:40  Spore Crawler  
  76  12:01  Zergling x26  
  86  12:13  Lair  
  68  12:38  Extractor  
  68  12:40  Extractor  
  68  12:41  Spore Crawler  
  48  12:55  Drone  
  48  12:56  Drone x3  
  33  13:09  Drone x6  
  33  13:10  Drone x3  
  42  13:14  Hatchery  
  42  13:15  Extractor  
  42  13:17  Extractor  
  39  13:25  Drone x2  
  41  13:41  Hydralisk Den  
  40  13:43  Drone x7  
  47  14:03  Spore Crawler  
  46  14:14  Overlord x2  
  46  14:15  Overlord x2  
  46  14:16  Overlord x7  
  46  14:22  Spore Crawler  
  45  14:28  Spine Crawler  
  45  14:30  Muscular Augments  
  44  14:31  Spine Crawler  
  44  14:32  Spine Crawler  
  44  14:37  Evolution Chamber  
  41  14:39  Drone x3  
  41  14:41  Extractor  
  43  14:47  Hydralisk x4  
  43  14:48  Hydralisk x6  
  63  15:02  Hydralisk x7  
  77  15:09  Overseer x4  
  77  15:15  Hydralisk  
  78  15:26  Hatchery  
  73  15:34  Hydralisk x5  
  83  15:41  Grooved Spines  
  83  15:54  Evolution Chamber  
  82  15:59  Hydralisk x3, Infestation Pit  
  82  16:03  Zergling x22  
  98  16:15  Baneling Nest  
  97  16:23  Queen  
  99  16:35  Drone x2  
  99  16:36  Drone x12  
  76  17:08  Hydralisk x7  
  54  17:09  Hydralisk x7  
  68  17:15  Extractor  
  68  17:17  Extractor  
  55  17:25  Hydralisk  
  55  17:26  Hydralisk x2  
Tags
 
Add a new tag
Caveats
  • Supply blocks, unpowered buildings, or Contaminate may cause inaccurate times.
  • Supply counts are checked every 10 seconds.